 Dungeon Crawl Stone Soup version 0.31-a0-1529-g7bd419a0e5 (webtiles) character file.

Game seed: 16526671047795385515

252968 Lobster4 the Eclecticist (level 19, -2/120 HPs)
             Began as a Deep Elf Conjurer on Dec 30, 2023.
             Was the Champion of Sif Muna.
             Slain by an eight-headed hydra (9 damage)
             ... on level 1 of the Swamp on Dec 31, 2023.
             The game lasted 04:11:03 (62707 turns).

Lobster4 the Eclecticist (Deep Elf Conjurer)       Turns: 62707, Time: 04:11:04

Health: -2/120     AC: 12    Str: 15 (16) XL:     19   Next: 36%
Magic:  52/52      EV: 17    Int: 28 (30) God:    Sif Muna [******]
Gold:   2249       SH: 11    Dex: 16      Spells: 1/55 levels left

rFire   + + +        v - staff "Figueph" {rF+ rN+ Int+2 Necro}
rCold   + . .        Z - +0 kite shield {reflect}
rNeg    + + .        C - +1 robe of the Fisher {rN+ rCorr Archmagi}
rPois   +            J - +2 helmet
rElec   +            E - +1 cloak
rCorr   +            c - +1 pair of gloves {hurl}
SInv    .            F - +0 pair of boots "Nezxoel" {Str+4 Dex+3 Stlth+}
Will    ++...        o - amulet "Ceguuras" {rPois rC+ Regen+ Str+4}
Stlth   ++++         g - ring of Qelue {+Blink rElec Will+ MP+9}
HPRegen 1.20/turn    A - ring of Teohuyl {Fly rF++ Stlth+}
MPRegen 0.33/turn

%: reflection, archmagi
@: flying, studying Fighting
A: no striking features
}: 1/15 runes: gossamer
a: Renounce Religion, Evoke Blink, Channel Magic, Forget Spell, Divine Exegesis


You were on level 1 of the Swamp.
You worshipped Sif Muna.
Sif Muna was exalted by your worship.
You visited 7 branches of the dungeon, and saw 31 of its levels.
You visited the Abyss 1 time.
You also visited: Ossuary, Ice Cave and Volcano.

You collected 4179 gold pieces.
You spent 1930 gold pieces at shops.

Inventory:

Hand Weapons
 a - the +11 dagger "Tolatet" {venom, rF+}
   (You took it off a deep elf death mage on level 3 of the Elven Halls)

   rF+:       It protects you from fire.
 b - the +5 sling "Zack" {elec, Dex+4}
   (You bought it in a shop on level 2 of the Elven Halls)

   Dex+4:     It affects your dexterity (+4).
Missiles
 f - 4 silver javelins
 h - 4 javelins
 i - 4 throwing nets (quivered)
Armour
 c - a +1 pair of gloves of hurling (worn)
 C - the +1 robe of the Fisher (worn) {rN+ rCorr Archmagi}
   (You took it off a deep elf demonologist on level 3 of the Elven Halls)

   rN+:       It protects you from negative energy.
   rCorr:     It protects you from acid and corrosion.
   Archmagi:  It increases the power of your magical spells.
 E - a +1 cloak (worn)
 F - the +0 pair of boots "Nezxoel" (worn) {Str+4 Dex+3 Stlth+}
   (You bought it in a shop on level 2 of the Orcish Mines)

   Str+4:     It affects your strength (+4).
   Dex+3:     It affects your dexterity (+3).
   Stlth+:    It makes you more stealthy.
 J - a +2 helmet (worn)
 Z - a +0 kite shield of reflection (worn)
Magical Staves
 v - the staff "Figueph" (weapon) {rF+ rN+ Int+2 Necro}
   (You took it off a deep elf zephyrmancer on level 3 of the Elven Halls)

   [staff of death]

   Base accuracy: +5 Base damage: 5 Base attack delay: 1.2 This weapon's minimum
   attack delay (0.6) is reached at skill level 12.
   Int+2:     It affects your intelligence (+2).
   rF+:       It protects you from fire.
   rN+:       It protects you from negative energy.
   Necro:     It increases the power of your Necromancy spells.
   It falls into the 'Staves' category.
   It is a one-handed weapon.
Jewellery
 g - the ring of Qelue (left hand) {+Blink rElec Will+ MP+9}
   (You took it off a deep elf sorcerer on level 3 of the Elven Halls)

   [ring of willpower]

   rElec:     It insulates you from electricity.
   Will+:     It increases your willpower.
   MP+9:      It affects your magic capacity (+9).
   +Blink:    It lets you blink.
 m - a ring of protection from cold
 o - the amulet "Ceguuras" (around neck) {rPois rC+ Regen+ Str+4}
   (You found it on level 5 of the Lair of Beasts)

   [amulet of regeneration]

   Str+4:     It affects your strength (+4).
   rC+:       It protects you from cold.
   rPois:     It protects you from poison Regen+: It increases your rate of
   health regeneration.
 q - the ring "Xedon" {rN+ SInv}
   (You took it off a deep elf master archer on level 3 of the Elven Halls)

   [ring of see invisible]

   rN+:       It protects you from negative energy.
   SInv:      It lets you see invisible.
 t - a ring of the Octopus King {rN+ HP+2 AC+2 EV+2 SH+2}
   (You took it off a deep elf demonologist on level 3 of the Elven Halls)

   [ring of positive energy]

   AC+2:      It affects your AC (+2).
   EV+2:      It affects your evasion (+2).
   rN+:       It protects you from negative energy.
   HP+2:      It affects your health (+2).
   SH+2:      It affects your SH (+2).
 A - the ring of Teohuyl (right hand) {Fly rF++ Stlth+}
   (You bought it in a shop on level 2 of the Orcish Mines)

   [ring of flight]

   rF++:      It greatly protects you from fire.
   Fly:       It grants you flight.
   Stlth+:    It makes you more stealthy.
Wands
 l - a wand of charming (26)
 u - a wand of mindburst (16)
 w - a wand of polymorph (13)
 U - a wand of roots (32)
Scrolls
 d - a scroll of immolation
 j - 5 scrolls of teleportation
 p - 4 scrolls of fog
 y - 3 scrolls of fear
 D - 9 scrolls of enchant weapon
 V - 6 scrolls of revelation
Potions
 e - 3 potions of attraction
 k - 2 potions of enlightenment
 s - 2 potions of resistance
 z - 6 potions of ambrosia
 B - 13 potions of curing
 G - a potion of cancellation
 H - 10 potions of heal wounds
 I - 6 potions of might
 K - 2 potions of brilliance
 L - 5 potions of berserk rage
 N - 2 potions of magic
 P - 5 potions of lignification
 W - a potion of mutation
 X - 6 potions of invisibility
Miscellaneous
 R - a condenser vane
 Y - a phantom mirror


   Skills:
 + Level 13.9 Fighting
 + Level 1.6 Short Blades
 - Level 2.0(2.3) Maces & Flails
 - Level 2.3(3.0) Staves
 - Level 1.0 Throwing
 - Level 7.0 Armour
 - Level 12.0 Dodging
 - Level 3.0 Stealth
 + Level 9.1 Shields
 + Level 18.5 Spellcasting
 * Level 17.7 Conjurations
 - Level 12.0 Summonings
 + Level 3.0 Necromancy
 - Level 3.0 Translocations
 + Level 12.6 Ice Magic
 - Level 4.0 Air Magic
 + Level 10.0 Earth Magic
 - Level 10.0 Invocations
 - Level 5.0 Evocations


You had one spell level left.
You knew the following spells:

 Your Spells              Type           Power      Damage    Failure   Level
a - Magic Dart            Conj           100%       1d8       0%          1
b - Searing Ray           Conj           100%       2d8       0%          2
c - Stone Arrow           Conj/Erth      100%       3d13      1%          3
d - Ozocubu's Armour      Ice            98%        N/A       1%          3
e - Frozen Ramparts       Ice            100%       1d16      1%          3
f - Freezing Cloud        Conj/Ice/Air   47%        6-21      1%          5
g - Iskenderun's Battles  Conj           100%       2d15      1%          5
h - Iskenderun's Mystic   Conj/Tloc      90%        2d18      1%          4
i - Summon Forest         Summ/Tloc      40%        N/A       4%          5
j - Arcjolt               Conj/Air       46%        1d56      1%          5
k - Freeze                Ice            100%       1d10      1%          1
o - Apportation           Tloc           100%       N/A       1%          1
s - Summon Lightning Spi  Summ/Air       82%        N/A       1%          4
v - Spellforged Servitor  Conj/Summ      52%        N/A       8%          7
x - Blink                 Tloc           100%       N/A       1%          2
z - Swiftness             Air            64%        N/A       2%          3

Your spell library contained the following spells:

 Spells                   Type           Power      Damage    Failure   Level
 Foxfire                  Conj/Fire      100%       2x1d9     1%          1
 Kiss of Death            Conj/Necr      100%       2d13      1%          1
 Necrotise                Necr           100%       1d9       1%          1
 Sandblast                Erth           100%       2d20      1%          1
 Shock                    Conj/Air       100%       1d9       1%          1
 Sting                    Conj/Alch      100%       1d9       1%          1
 Summon Small Mammal      Summ           100%       N/A       1%          1
 Slow                     Hex            100%       N/A       4%          1
 Call Imp                 Summ           100%       N/A       1%          2
 Static Discharge         Conj/Air       100%       3-8/arc   1%          2
 Sublimation of Blood     Necr           77%        N/A       1%          2
 Call Canine Familiar     Summ           96%        N/A       1%          3
 Dazzling Flash           Conj/Hex       100%       N/A       1%          3
 Hailstorm                Conj/Ice       100%       3d16      1%          3
 Mephitic Cloud           Conj/Alch/Air  79%        N/A       1%          3
 Passwall                 Erth           89%        N/A       1%          3
 Summon Ice Beast         Ice/Summ       97%        N/A       1%          3
 Animate Armour           Summ/Erth      100%       N/A       1%          4
 Brom's Barrelling Bould  Conj/Erth      100%       2d11      1%          4
 Flame Wave               Conj/Fire      85%        2d18      1%          4
 Fulminant Prism          Conj/Alch      42%        3d19      1%          4
 Martyr's Knell           Necr/Summ      100%       N/A       1%          4
 Lee's Rapid Deconstruct  Erth           44%        3d21*     1%          5
 Bombard                  Conj/Erth      50%        9d8       1%          6
 Cigotuvi's Dreadful Rot  Necr/Alch/Air  100%       N/A       2%          2
 Mercury Vapours          Alch/Air       100%       N/A       2%          2
 Orb of Destruction       Conj           56%        9d14      2%          7
 Vampiric Draining        Necr           77%        2d11      3%          3
 Summon Blazeheart Golem  Fire/Summ      73%        N/A       3%          4
 Fireball                 Conj/Fire      42%        3d17      3%          5
 Leda's Liquefaction      Alch/Erth      34%        N/A       4%          4
 Summon Cactus Giant      Summ           48%        N/A       4%          6
 Jinxbite                 Hex            78%        N/A       6%          2
 Volatile Blastmotes      Fire/Tloc      100%       2d18      6%          3
 Conjure Ball Lightning   Conj/Air       46%        3x3d16    7%          6
 Borgnjor's Vile Clutch   Necr/Erth      48%        N/A       8%          5
 Metabolic Englaciation   Hex/Ice        37%        N/A       9%          5
 Vhi's Electric Charge    Tloc/Air       100%       N/A       10%         4
 Summon Mana Viper        Hex/Summ       73%        N/A       10%         5
 Confusing Touch          Hex            39%        N/A       12%         3
 Inner Flame              Hex/Fire       39%        N/A       12%         3
 Sigil of Binding         Hex            39%        N/A       12%         3
 Tukima's Dance           Hex            39%        N/A       12%         3
 Dispel Undead            Necr           77%        3d25      12%         4
 Passage of Golubria      Tloc           59%        N/A       12%         4
 Starburst                Conj/Fire      42%        6d12      16%         6
 Ozocubu's Refrigeration  Ice            49%        4d18      19%         7
 Dimensional Bullseye     Hex/Tloc       25%        N/A       22%         4
 Monstrous Menagerie      Summ           48%        N/A       24%         7
 Summon Hydra             Summ           48%        N/A       24%         7
 Curse of Agony           Necr           77%        N/A       32%         5
 Sticky Flame             Fire/Alch      39%        2d8       36%         4
 Sculpt Simulacrum        Ice/Alch       37%        N/A       41%         6
 Silence                  Hex/Air        27%        N/A       43%         5
 Lehudib's Crystal Spear  Conj/Erth      50%        10d12     65%         8
 Alistair's Intoxication  Alch           26%        N/A       73%         5
 Malign Gateway           Summ/Tloc      40%        N/A       83%         7
 Dispersal                Tloc           29%        N/A       87%         6
 Summon Horrible Things   Summ           48%        N/A       88%         8
 Plasma Beam              Fire/Air       27%        2x1d39    95%         6
 Eringya's Noxious Bog    Alch           19%        4d6       99%         6
 Enfeeble                 Hex            19%        N/A       100%        7
 Maxwell's Capacitive Co  Air            32%        ∞         100%        8
 Chain Lightning          Conj/Air       46%        3d61      100%        9


Dungeon Overview and Level Annotations

Branches:
Dungeon (15/15)            Temple (1/1) D:4            Lair (5/5) D:11
  Swamp (1/4) Lair:2       Spider (4/4) Lair:3        Slime (0/5) Lair:5
    Orc (2/2) D:9             Elf (3/3) Orc:2        Vaults (0/5) D:14
 Depths (0/4) D:15        Ossuary (visited)           IceCv (visited)
Volcano (visited)

Altars:
Ashenzari
Cheibriados
Dithmenos
Elyvilon
Fedhas
Gozag
Hepliaklqana
Kikubaaqudgha
Makhleb
Nemelex Xobeh
Okawaru
Qazlal
Ru
Sif Muna
Trog
Uskayaw
Vehumet
Wu Jian
Xom
Yredelemnul
Zin
The Shining One

Shops:
D:14 :   D:15 *   Orc:2 ?*[=   Elf:2 *

Portals:
Hell: Lair:5
Pandemonium: Orc:2

Annotations:
Lair:3 exclusion: ice statue


Message History

You fly downwards.
Welcome back to the Swamp!
This branch is noisy: sounds don't travel as far here.
This branch contains the decaying rune of Zot.
You block the bunyip's attack. The bunyip completely misses you.
You block the bunyip's attack. The eight-headed hydra bites you.
The eight-headed hydra completely misses you.
You block the eight-headed hydra's attack.
The eight-headed hydra bites you. The eight-headed hydra bites you!
The eight-headed hydra bites you.
The eight-headed hydra bites you but does no damage.
The eight-headed hydra bites you! The six-headed hydra bites you!
The six-headed hydra bites you but does no damage. x3
The six-headed hydra bites you! The six-headed hydra misses you.
The eight-headed hydra completely misses you.
The eight-headed hydra bites you! x3
The eight-headed hydra closely misses you.
The eight-headed hydra bites you!
The eight-headed hydra closely misses you.
The eight-headed hydra bites you. The six-headed hydra misses you.
The six-headed hydra bites you!
* * * LOW HITPOINT WARNING * * *
The six-headed hydra bites you!
* * * LOW HITPOINT WARNING * * *
The six-headed hydra misses you.
The six-headed hydra completely misses you.
The six-headed hydra bites you.
* * * LOW HITPOINT WARNING * * *
There is a staircase back to the Lair, spattered with blood here.
As you read the scroll of fear, it crumbles to dust.
You assume a fearsome visage.
The six-headed hydra looks frightened!
The bunyip easily resists.
The eight-headed hydra resists with almost no effort.
The eight-headed hydra bites you!
* * * LOW HITPOINT WARNING * * *
You block the eight-headed hydra's attack.
The eight-headed hydra completely misses you.
The eight-headed hydra misses you.
The eight-headed hydra bites you but does no damage.
The eight-headed hydra bites you!
You die...

♣♣♣♣♣ ♣~..♣♣♣ ♣♣
♣~~~~.♣ ♣~♣♣.~~~~♣
♣.(..~~~♣
♣♣♣.D~§♣♣♣♣
♣♣..x@♣♣♣♣
♣...~D♣♣.♣♣
♣~.~~..♣.~♣ ..
♣♣.~~.~♣.~♣ ~.~~
♣♣..~~..~~~♣ ~
.~.~♣♣...~~.~...♣♣
~.
..~~..~~~..)~....♣
~.
..§~.~~~~♣.~>..♣♣
..♣♣♣♣
♣~~?~~~~♣.~...♣


You could see a bunyip, an eight-headed hydra and a six-headed hydra (fleeing).

Vanquished Creatures
  Nikola (Spider:3)
  3 deep elf blademasters
  A deep elf master archer (Elf:3)
  Frances (D:12)
  Agnes (Spider:2)
  Donald (Elf:1)
  5 deep elf sorcerers
  4 emperor scorpions
  2 ghost moths
  5 deep elf elementalists (Elf:3)
  The ghost of kairosrom117 the Arsonist, a journeyman DrFE of Vehumet (Lair:5)
  2 broodmothers
  4 deep elf demonologists (Elf:3)
  5 deep elf death magi (Elf:3)
  2 spark wasps
  Snorg (Orc:1)
  10 deep elf annihilators (Elf:3)
  4 entropy weavers
  A green death (Abyss:2)
  4 deep elf high priests (Elf:3)
  A quicksilver dragon zombie (Abyss:2)
  A great orb of eyes (D:15)
  10 hydras
  An alligator (Swamp:1)
  Erolcha (D:12)
  4 centaur warriors
  2 rakshasas
  A spriggan zombie (Abyss:2)
  2 two-headed ogres (D:12)
  4 radroaches
  11 death yaks
  3 boulder beetles
  21 dancing weapons
  2 demonspawn (Orc:2)
  6 demonic crawlers
  A death scarab (Spider:4)
  4 orc high priests
  17 deep elf knights
  An occultist (Lair:5)
  2 sun demons
  A hell knight (Volcano)
  A skyshark (Lair:3)
  4 pharaoh ants
  A goliath frog (Swamp:1)
  2 skeletal warriors (D:15)
  3 bog bodies
  11 orb spiders
  2 sun moths (Spider:1)
  A lindwurm (Lair:4)
  An arcanist (D:14)
  3 orc knights
  8 deep elf archers
  25 deep elf pyromancers
  6 steelbarb worms
  8 orc sorcerers
  2 will-o-the-wisps (Lair:5)
  8 ugly things
  A wolf spider (shapeshifter) (D:15)
  A moth of wrath (Lair:5)
  30 deep elf zephyrmancers
  13 wolf spiders
  A cyclops (D:13)
  A manticore (D:12)
  A meliai (shapeshifter) (Elf:3)
  8 elephants
  An ice statue (IceCv)
  10 meliai
  A molten gargoyle (Volcano)
  An apocalypse crab (Abyss:2)
  7 black mambas
  A torpor snail (Spider:2)
  10 cane toads
  3 smoke demons
  2 gargoyles (D:14)
  2 orange demons (Lair:5)
  An unseen horror (Abyss:2)
  A large abomination (Abyss:2)
  8 rime drakes
  2 nameless horrors
  2 efreet
  7 komodo dragons
  3 yaktaurs
  Psyche (D:8)
  A tengu conjurer (D:14)
  6 ice devils
  An anaconda simulacrum (IceCv)
  An ancient zyme (Abyss:2)
  2 freezing wraiths
  A red devil (Orc:2)
  3 trolls
  A queen bee (D:12)
  8 polar bears
  A tyrant leech (Lair:2)
  20 blink frogs
  4 raiju (Abyss:2)
  12 hornets
  26 tarantellas
  A hornet (shapeshifter) (Elf:1)
  A hydra skeleton (Abyss:2)
  19 slime creatures
  16 culicivoras
  10 jumping spiders
  4 spriggans
  4 water elementals
  3 air elementals
  A dire elephant simulacrum (IceCv)
  A vampire (D:12)
  2 hogs (D:12)
  3 basilisks
  7 wyverns
  4 fire elementals
  2 fire bats (Volcano)
  47 yaks
  3 steam dragons
  2 wargs
  A death yak simulacrum (IceCv)
  3 wraiths
  50 redbacks
  6 vampire mosquitoes
  A chaos spawn (Orc:2)
  3 small abominations (Abyss:2)
  A harpy simulacrum (IceCv)
  3 acid dragons
  5 hell hounds (Lair:5)
  18 water moccasins
  2 sky beasts
  A black bear (D:5)
  8 ice beasts
  13 orc warriors
  5 ogres
  5 centaurs
  3 boggarts
  20 wolves
  A phantom (D:5)
  3 elf zombies (Ossuary)
  2 kobold brigands
  Blork the orc (D:6)
  6 scorpions
  A gnoll sergeant (D:10)
  7 two-headed ogre simulacra (IceCv)
  2 earth elementals
  8 bullfrogs
  A hornet simulacrum (D:14)
  8 wights
  3 elephant simulacra (IceCv)
  22 killer bees
  4 electric eels
  6 howler monkeys
  4 lava snakes (Volcano)
  2 bombardier beetles
  2 human zombies (Ossuary)
  A quasit (Abyss:2)
  3 jellies
  2 centaur zombies (Ossuary)
  A gnoll bouda (D:9)
  8 orc priests
  3 hounds
  15 orc wizards
  3 polar bear simulacra (IceCv)
  2 sleepcaps
  7 spriggan simulacra (IceCv)
  20 hell rats
  4 troll simulacra (IceCv)
  2 wolf simulacra (IceCv)
  2 crocodile zombies (Ossuary)
  3 spectral hounds (Ossuary)
  4 mummies (Ossuary)
  11 gnolls
  10 adders
  5 naga simulacra (IceCv)
  3 hound simulacra (Ossuary)
  10 white imps
  7 ufetubi
  3 spectral adders (Ossuary)
  2 spectral gnolls (Ossuary)
  4 dart slugs
  A ribbon worm (D:2)
  An adder simulacrum (Ossuary)
  44 orcs
  5 endoplasms
  3 giant cockroaches (D:1)
  6 gnoll zombies (Ossuary)
  11 goblins
  10 hobgoblins
  3 jackals (D:3)
  2 quokkas
  8 ball pythons
  2 bats (D:1)
  5 frilled lizards
  3 gnoll simulacra (Ossuary)
  A jackal simulacrum (Ossuary)
  18 kobolds
  4 kobold zombies (Ossuary)
  6 orc zombies (Ossuary)
  A rat (D:1)
  2 spectral jackals (Ossuary)
  A butterfly (Lair:3)
  A snaplasher vine (Elf:3)
1080 creatures vanquished.

Vanquished Creatures (collateral kills)
  Kirke (D:12)
  A ghost moth (Spider:4)
  An emperor scorpion (Spider:4)
  The ghost of Zvl3 the Fighter, a journeyman DrSh of Gozag (Lair:4)
  An orc warlord (Orc:1)
  A broodmother (Spider:3)
  A bunyip (Swamp:1)
  A deep elf annihilator (Elf:3)
  Azrael (Orc:2)
  A vault guard (D:14)
  A deep elf high priest (Elf:3)
  2 hydras
  A centaur warrior (D:13)
  A demonspawn (Orc:2)
  4 boulder beetles
  4 radroaches
  A two-headed ogre (Orc:2)
  A jorogumo (Spider:3)
  2 dancing weapons
  3 demonic crawlers (Spider:4)
  3 orc high priests
  A thrashing horror (Abyss:2)
  A soul eater (Orc:2)
  A skeletal warrior (D:15)
  3 deep elf knights
  2 pharaoh ants
  A bog body (Swamp:1)
  A sun moth (Spider:3)
  2 orb spiders (Spider:3)
  2 steelbarb worms
  10 deep elf pyromancers
  8 deep elf zephyrmancers
  2 orc knights (Orc:2)
  3 wolf spiders
  An orc sorcerer (Orc:2)
  A kobold blastminer (Orc:2)
  2 manticores
  A cyclops (D:12)
  A meliai (shapeshifter) (D:15)
  A black mamba (Lair:5)
  A torpor snail (Spider:4)
  A cane toad (Lair:5)
  A gargoyle (D:14)
  A rime drake (Lair:5)
  A red devil (Lair:5)
  A hornet (Spider:3)
  2 tarantellas
  4 jumping spiders
  A slime creature (D:15)
  A vampire (D:12)
  An air elemental (Elf:1)
  A yak (Lair:3)
  A culicivora (Spider:1)
  A warg (Orc:2)
  A water elemental (Elf:1)
  3 fire elementals
  A basilisk (Lair:5)
  A neqoxec (Orc:2)
  2 hogs (D:12)
  8 redbacks
  2 hell hounds (Orc:2)
  21 orc warriors
  2 boggarts (D:15)
  3 centaurs (D:13)
  2 ogres
  A bullfrog (shapeshifter) (D:13)
  A bullfrog (D:7)
  2 killer bees (D:12)
  10 orc priests
  8 orc wizards
  30 orcs
  A snaplasher vine (D:13)
194 creatures vanquished.

Vanquished Creatures (others)
  A ghost moth (Spider:3)
  An entropy weaver (Spider:3)
  A culicivora (Spider:3)
  2 yaks (Lair:3)
  3 redbacks (Spider:3)
  An orc warrior (Elf:2)
  2 orc wizards
  4 foxfires (Lair:5)
  10 snaplasher vines
25 creatures vanquished.

Grand Total: 1299 creatures vanquished

Notes
Turn   | Place    | Note
-------+----------+-------------------------------------------
     0 | D:1      | Lobster4 the Deep Elf Conjurer began the quest for the Orb.
     0 | D:1      | Reached XP level 1. HP: 10/10 MP: 6/6
   296 | D:1      | Reached XP level 2. HP: 15/15 MP: 4/8
   757 | D:1      | Reached XP level 3. HP: 17/20 MP: 0/9
   869 | D:1      | Reached skill level 1 in Throwing
  1754 | D:2      | Learned a level 2 spell: Searing Ray
  1758 | D:2      | Learned a level 3 spell: Ozocubu's Armour
  1764 | D:2      | Found a faded altar of an unknown god.
  1936 | D:2      | Reached skill level 1 in Fighting
  2060 | D:2      | Found a hide-covered altar of Uskayaw.
  2325 | D:3      | Found a glowing silver altar of Zin.
  2419 | D:3      | Reached XP level 4. HP: 25/25 MP: 6/11
  3415 | D:4      | Noticed an ogre
  3711 | D:4      | Noticed an ogre
  3726 | D:4      | Reached skill level 1 in Short Blades
  3747 | D:4      | Reached skill level 1 in Armour
  4004 | D:4      | Killed an ogre
  4005 | D:4      | Reached skill level 4 in Spellcasting
  4005 | D:4      | Reached skill level 5 in Conjurations
  4005 | D:4      | Reached skill level 1 in Ice Magic
  4005 | D:4      | Reached XP level 5. HP: 29/29 MP: 2/13
  4135 | D:4      | Noticed an ogre
  4369 | D:4      | Killed an ogre
  4370 | D:4      | Reached skill level 5 in Spellcasting
  4370 | D:4      | Reached XP level 6. HP: 34/34 MP: 10/15
  4789 | D:4      | Found a staircase to the Ecumenical Temple.
  4798 | Temple   | Entered the Ecumenical Temple
  5054 | D:5      | Entered Level 5 of the Dungeon
  5125 | D:5      | Noticed an ice beast
  5162 | D:5      | Killed an ice beast
  5163 | D:5      | Reached skill level 6 in Spellcasting
  5163 | D:5      | Reached XP level 7. HP: 31/38 MP: 0/18
  5807 | D:5      | Reached skill level 7 in Spellcasting
  5856 | D:5      | Learned a level 4 spell: Iskenderun's Mystic Blast
  6197 | D:5      | Reached XP level 8. HP: 43/43 MP: 16/20
  6471 | D:6      | Reached skill level 1 in Translocations
  6471 | D:6      | Reached skill level 5 in Ice Magic
  6902 | D:6      | Found a bloodstained altar of Trog.
  7360 | D:6      | Noticed Blork the orc
  7373 | D:6      | Killed Blork the orc
  7724 | D:7      | Found a basalt altar of Yredelemnul.
  7817 | D:7      | Reached skill level 8 in Spellcasting
  7867 | D:7      | Found a sand-covered staircase.
  7897 | Ossuary  | Entered an ossuary
  8304 | Ossuary  | Reached XP level 9. HP: 51/51 MP: 19/23
  9009 | Ossuary  | Reached skill level 5 in Dodging
  9241 | D:7      | Learned a level 3 spell: Frozen Ramparts
  9554 | D:7      | Reached skill level 1 in Evocations
  9708 | D:7      | Found an ancient bone altar of Kikubaaqudgha.
  9880 | D:7      | Found a blossoming altar of Fedhas.
 10461 | D:8      | Learned a level 5 spell: Summon Forest
 10773 | D:8      | Noticed Psyche
 10812 | D:8      | Killed Psyche
 10813 | D:8      | Reached skill level 5 in Fighting
 10813 | D:8      | Reached skill level 9 in Spellcasting
 10813 | D:8      | Reached skill level 1 in Summonings
 11304 | D:9      | Found a hide-covered altar of Uskayaw.
 11401 | D:9      | Reached XP level 10. HP: 59/59 MP: 15/25
 11533 | D:9      | Found an iron altar of Okawaru.
 11617 | D:9      | Found a staircase to the Orcish Mines.
 11843 | D:9      | Found a shimmering blue altar of Sif Muna.
 11846 | D:9      | Became a worshipper of Sif Muna the Loreminder
 11983 | D:9      | Found a shadowy altar of Dithmenos.
 12426 | D:10     | Entered Level 10 of the Dungeon
 12670 | D:10     | Reached skill level 1 in Invocations
 13132 | D:10     | Found a burning altar of Makhleb.
 13541 | D:11     | Found a gate leading to a gauntlet.
 13612 | D:11     | Noticed a brown ugly thing
 13625 | D:11     | Killed a brown ugly thing
 13626 | D:11     | Reached skill level 1 in Shields
 13781 | D:11     | Noticed a cyan ugly thing
 13792 | D:11     | Killed a cyan ugly thing
 14323 | D:11     | Reached * piety under Sif Muna
 14325 | D:11     | Reached skill level 10 in Spellcasting
 14329 | D:11     | Reached XP level 11. HP: 64/64 MP: 9/27
 14425 | D:11     | Found a staircase to the Lair.
 15259 | Lair:1   | Entered Level 1 of the Lair of Beasts
 15299 | Lair:1   | Found a dark tunnel.
 15302 | Lair:1   | Learned a level 1 spell: Freeze
 15306 | Lair:1   | Learned a level 3 spell: Hailstorm
 15310 | Lair:1   | Learned a level 3 spell: Stone Arrow
 15315 | Volcano  | Entered a volcano
 15883 | Volcano  | Found a bloodstained altar of Trog.
 15883 | Volcano  | Noticed a centaur warrior
 15887 | Volcano  | Killed a centaur warrior
 16005 | Volcano  | Noticed a hell knight
 16152 | Volcano  | Killed a hell knight
 17136 | Lair:1   | Reached skill level 5 in Armour
 17136 | Lair:1   | Reached skill level 5 in Summonings
 17526 | Lair:2   | Noticed a five-headed hydra
 17540 | Lair:2   | Killed a five-headed hydra
 17759 | Lair:2   | Reached ** piety under Sif Muna
 17760 | Lair:2   | Reached XP level 12. HP: 72/72 MP: 10/28
 17841 | Lair:2   | Reached skill level 11 in Spellcasting
 18333 | Lair:2   | Reached skill level 10 in Conjurations
 18333 | Lair:2   | Reached skill level 5 in Invocations
 19148 | Lair:2   | Found a staircase to the Swamp.
 19459 | Lair:3   | Noticed a seven-headed hydra
 19949 | Lair:3   | Noticed a death yak
 19950 | Lair:3   | Noticed a death yak
 19952 | Lair:3   | Noticed a death yak
 19952 | Lair:3   | Noticed a death yak
 20329 | Lair:3   | Noticed a death yak
 20334 | Lair:2   | Reached *** piety under Sif Muna
 20405 | Lair:3   | Noticed a death yak
 20423 | Lair:2   | Killed a death yak
 20467 | Lair:3   | Killed a seven-headed hydra
 20814 | Lair:2   | Killed a death yak
 20967 | Lair:3   | Reached skill level 12 in Spellcasting
 21080 | Lair:3   | Reached XP level 13. HP: 66/78 MP: 15/31
 21499 | Lair:3   | Found a hole to the Spider Nest.
 21676 | Lair:3   | Learned a level 1 spell: Apportation
 22029 | Lair:3   | Reached skill level 5 in Shields
 22510 | Lair:4   | Identified the +1 robe of the Swamp {Str+5}
 22544 | Lair:4   | Learned a level 1 spell: Sandblast
 22562 | Lair:4   | Found a frozen archway.
 22673 | IceCv    | Entered an ice cave
 22822 | IceCv    | Reached **** piety under Sif Muna
 23288 | IceCv    | Reached skill level 10 in Dodging
 23721 | IceCv    | Reached skill level 1 in Earth Magic
 25257 | Lair:4   | Reached skill level 10 in Ice Magic
 25361 | Lair:4   | Identified the +6 flail of Checkmate {vamp, Str+2 Dex+4}
 25475 | Lair:4   | Reached ***** piety under Sif Muna
 25622 | Lair:4   | Found a runed translucent door.
 25625 | Lair:4   | Identified the +5 spear "Rienisack" {spect, Str+3}
 25625 | Lair:4   | Noticed Zvl3's ghost (journeyman DrSh)
 25979 | Lair:5   | Entered Level 5 of the Lair of Beasts
 26166 | Lair:5   | Found a staircase to the Slime Pits.
 26312 | Lair:5   | Found a transporter.
 26316 | Lair:5   | Noticed kairosrom117's ghost (journeyman DrFE)
 26328 | Lair:5   | Found a transporter.
 26411 | Lair:5   | Received a gift from Sif Muna
 26412 | Lair:5   | Got Sif Muna's Octavo of the Baleful Atmosphere {god gift}
 26418 | Lair:5   | Learned a level 4 spell: Summon Lightning Spire
 26928 | Lair:5   | Reached skill level 13 in Spellcasting
 27009 | Lair:5   | Reached XP level 14. HP: 84/84 MP: 23/33
 27365 | Lair:5   | Reached skill level 1 in Air Magic
 27371 | Lair:5   | Reached skill level 1 in Maces & Flails
 29168 | Lair:5   | Found a burning altar of Makhleb.
 29429 | Lair:5   | Received a gift from Sif Muna
 29430 | Lair:5   | Got Sif Muna's Secrets of the Pneumatic Band {god gift}
 29587 | Lair:5   | Found a gateway to Hell.
 29876 | Orc:1    | Entered Level 1 of the Orcish Mines
 30626 | Orc:1    | Noticed Snorg
 30635 | Orc:1    | Killed Snorg
 30771 | Orc:1    | Noticed an orc warlord
 30857 | Orc:1    | Killed an orc warlord
 30858 | Orc:1    | Reached skill level 10 in Fighting
 31151 | Orc:2    | Entered Level 2 of the Orcish Mines
 31282 | Orc:2    | Reached skill level 5 in Earth Magic
 31913 | Orc:2    | Found a staircase to the Elven Halls.
 31926 | Orc:2    | Noticed Azrael
 32215 | Orc:2    | Reached XP level 15. HP: 92/92 MP: 16/34
 32590 | Orc:2    | Killed Azrael
 32593 | Orc:2    | Reached skill level 14 in Spellcasting
 32799 | Orc:2    | Received a gift from Sif Muna
 33125 | Orc:2    | Found Hiczodd's General Store.
 33577 | Orc:2    | Found Huwosche's Magic Scroll Shoppe.
 34092 | Orc:2    | Found Nutt's Jewellery Shop.
 34092 | Orc:2    | Found Lodisk's Antique Armour Boutique.
 34093 | Orc:2    | Found a one-way gate leading to the halls of Pandemonium.
 34126 | Orc:2    | Bought the +0 pair of boots "Nezxoel" {Str+4 Dex+3 Stlth+}
                  | for 406 gold pieces
 34126 | Orc:2    | Bought a scroll of revelation for 105 gold pieces
 34184 | Orc:2    | Bought the ring of Teohuyl {Fly rF++ Stlth+} for 492 gold
                  | pieces
 34193 | Orc:2    | Learned a level 5 spell: Arcjolt
 34699 | D:12     | Noticed Kirke
 34715 | D:12     | Killed Kirke
 34872 | D:12     | Noticed Erolcha
 34893 | D:12     | Killed Erolcha
 34997 | D:12     | Received a gift from Sif Muna
 34998 | D:12     | Got Sif Muna's Verses on Hurting {god gift}
 35005 | D:12     | Learned a level 5 spell: Freezing Cloud
 35056 | D:12     | Noticed Frances
 35845 | D:12     | Killed Frances
 36631 | D:13     | Identified the +1 trident of the Warrior {antimagic, Fly
                  | Str-5 Dex+2}
 37612 | D:14     | Reached skill level 10 in Invocations
 37668 | D:14     | Reached skill level 15 in Spellcasting
 37735 | D:14     | Found a gate to the Vaults.
 37881 | D:14     | Found Pytub's Self-Published Books.
 37894 | D:14     | Reached skill level 10 in Summonings
 37899 | D:14     | Bought the Anthology of Hitting the Bricks for 384 gold
                  | pieces
 37902 | D:14     | Learned a level 2 spell: Blink
 38320 | D:14     | Identified the +0 chain mail "Mimnar" {Harm Will+ rCorr
                  | Int-3}
 38412 | D:14     | Found a radiant altar of Vehumet.
 38641 | Orc:2    | Bought a scroll of amnesia for 44 gold pieces
 38649 | Orc:2    | Learned a level 5 spell: Iskenderun's Battlesphere
 39065 | D:15     | Entered Level 15 of the Dungeon
 39253 | D:15     | Found a sparkling altar of Nemelex Xobeh.
 39719 | D:15     | Found Qiumempe's Demolitions Depot.
 40351 | D:15     | Identified the amulet of the Griffon {rElec Regen+ Slay+3}
 40473 | D:15     | Reached XP level 16. HP: 101/101 MP: 22/37
 41159 | D:15     | Received a gift from Sif Muna
 41160 | D:15     | Got Geojuo's Almanac of Illusion and the Summer {god gift}
 41247 | D:15     | Found a staircase to the Depths.
 41364 | D:15     | Bought a wand of roots (4) for 115 gold pieces
 41830 | Lair:4   | Killed Zvl3's ghost
 42004 | Lair:5   | Upgraded the game from 0.31-a0-1522-g43313d8a59 to
                  | 0.31-a0-1529-g7bd419a0e5
 42193 | Elf:1    | Entered Level 1 of the Elven Halls
 42300 | Elf:1    | Found a radiant altar of Vehumet.
 42876 | Elf:1    | You are sucked into a shaft and drop 1 floor!
 43018 | Elf:1    | Noticed Donald
 43275 | Elf:1    | Killed Donald
 43807 | Elf:1    | Reached skill level 16 in Spellcasting
 44435 | Abyss:2  | Found a corrupted altar of Lugonu.
 44435 | Abyss:2  | Cast into level 2 of the Abyss (+2 broad axe of distortion)
 44591 | Abyss:2  | Found a corrupted altar of Lugonu.
 44601 | Abyss:2  | Found a corrupted altar of Lugonu.
 44601 | Abyss:2  | Found a corrupted altar of Lugonu.
 44609 | Abyss:2  | Noticed a tentacled starspawn
 44796 | Abyss:2  | Noticed a bone dragon
 45003 | Elf:1    | Escaped the Abyss
 45419 | Elf:1    | Received a gift from Sif Muna
 45420 | Elf:1    | Got Haes Fam's Compendium of Wintry Forces {god gift}
 46021 | Elf:2    | Paralysed by an air elemental for 1 turns
 46144 | Elf:2    | Paralysed by an air elemental for 1 turns
 46454 | Elf:2    | Found Jaism's Assorted Antiques.
 46459 | Elf:2    | Bought a steaming sling for 156 gold pieces
 46459 | Elf:2    | Identified the +5 sling "Zack" {elec, Dex+4} (You bought it
                  | in a shop on level 2 of the Elven Halls)
 46629 | Elf:2    | Found a runed translucent gate.
 46629 | Elf:2    | Found a runed translucent gate.
 46633 | Elf:2    | Reached XP level 17. HP: 108/108 MP: 30/39
 46633 | Elf:2    | Found a runed translucent gate.
 47122 | Elf:3    | Entered Level 3 of the Elven Halls
 47226 | Elf:3    | Paralysed by an air elemental for 1 turns
 48526 | Elf:3    | Noticed a deep elf blademaster
 48640 | Elf:3    | Killed a deep elf blademaster
 49095 | Elf:3    | Received a gift from Sif Muna
 49096 | Elf:3    | Got Sif Muna's Lessons on the Singularity and Argyropoeia
                  | {god gift}
 49423 | Elf:3    | Noticed a deep elf blademaster
 49431 | Elf:3    | Killed a deep elf blademaster
 49440 | Elf:3    | Reached skill level 15 in Conjurations
 49551 | Elf:3    | Identified the staff "Figueph" {rF+ rN+ Int+2 Necro}
 49858 | Elf:3    | Identified the +11 dagger "Tolatet" {venom, rF+}
 49858 | Elf:3    | Identified the amulet "Feab" {Faith rF+ Str+7 Int+3 Dex-4}
 49867 | Elf:3    | Reached skill level 17 in Spellcasting
 50221 | Elf:3    | Identified the ring "Xedon" {rN+ SInv}
 50221 | Elf:3    | Noticed a deep elf master archer
 50224 | Elf:3    | Reached skill level 1 in Staves
 50225 | Elf:3    | Killed a deep elf master archer
 50466 | Elf:3    | Noticed a Hell Sentinel
 50587 | Elf:3    | Identified the ring of Qelue {+Blink rElec Will+ MP+9}
 50594 | Elf:3    | Identified the +1 robe of the Fisher {rN+ rCorr Archmagi}
 50594 | Elf:3    | Found the ring of the Octopus King {rN+ HP+2 AC+2 EV+2
                  | SH+2}
 50995 | Elf:3    | Noticed an Ice Fiend
 51545 | Elf:3    | Got Umnuikam's Quarto of Conflict and Turbulence
 52180 | Elf:2    | Noticed a deep elf blademaster
 52185 | Elf:2    | Killed a deep elf blademaster
 52332 | Elf:2    | Reached XP level 18. HP: 114/114 MP: 40/41
 52622 | Elf:2    | Learned a level 3 spell: Swiftness
 52973 | Elf:2    | Bought a steaming arbalest for 228 gold pieces
 52973 | Elf:2    | Identified the +9 arbalest "Ukhliumuc" {penet, rF+ rN++
                  | rCorr Int-5} (You bought it in a shop on level 2 of the
                  | Elven Halls)
 53369 | Lair:5   | Killed kairosrom117's ghost
 53372 | Lair:5   | Identified the amulet "Ceguuras" {rPois rC+ Regen+ Str+4}
 53543 | Spider:1 | Entered Level 1 of the Spider Nest
 54124 | Spider:1 | Reached ****** piety under Sif Muna
 55250 | Spider:2 | Received a gift from Sif Muna
 56344 | Spider:2 | Noticed Agnes
 56349 | Spider:2 | Killed Agnes
 56350 | Spider:2 | Reached skill level 10 in Earth Magic
 56448 | Spider:2 | Reached skill level 5 in Evocations
 56988 | Spider:3 | Received a gift from Sif Muna
 57554 | Spider:3 | Reached skill level 18 in Spellcasting
 58344 | Spider:3 | Identified the +0 pair of gloves of Refuge {rF- Will+ Str-4
                  | Dex+4}
 58344 | Spider:3 | Noticed Nikola
 58369 | Spider:3 | Killed Nikola
 59751 | Spider:4 | Entered Level 4 of the Spider Nest
 59844 | Spider:4 | Reached XP level 19. HP: 119/120 MP: 23/43
 59844 | Spider:4 | Received a gift from Sif Muna
 60125 | Spider:4 | Reached skill level 1 in Necromancy
 61121 | Spider:4 | Learned a level 7 spell: Spellforged Servitor
 61779 | Spider:4 | Identified the +5 trident "Conservator" {vamp, Fly Dex-2
                  | Stlth+}
 62014 | Spider:4 | Got a gossamer rune of Zot
 62292 | Swamp:1  | Entered Level 1 of the Swamp
 62707 | Swamp:1  | Slain by an eight-headed hydra

Illustrated notes

Levels and vault maps discovered:
D:1:      dpeg_arrival_simpleton_b, layout_basic,
          hangedman_decor_clover_reticule, minmay_pentomino_t4
D:2:      minmay_door_path, layout_basic, basic_altar,
          chequers_ecumenical_altar_simple
D:3:      layout_basic, mainiacjoe_overflow_24_doors, serial_rivers,
          chequers_serial_rivers_small_b, chequers_serial_rivers_micro_c,
          chequers_serial_rivers_room_a, chequers_serial_rivers_small_b,
          chequers_serial_rivers_micro_a, chequers_serial_rivers_micro_a,
          hangedman_decor_peaks_small, dreamdust_princess_bridge
D:4:      layout_loops_ring, lemuel_temple_firewalk_a, corner_web_ring,
          minmay_manual_monstrance
D:5:      layout_basic, nicolae_titane
D:6:      layout_gridville, trog_three_pillars_becter, uniq_blork_the_orc
D:7:      layout_basic, kennysheep_mini, yredelemnul_altar_generic,
          lemuel_coloured_pillars_altar, enter_ossuary_3
D:8:      layout_basic, minmay_tree_intersection, dk_vineyard_2,
          grunt_ministairs_5, uniq_psyche
D:9:      layout_loops_ring, kennysheep_okawaru_gauntlet,
          mainiacjoe_overflow_surrounded_room, nicolae_uskayaw_suspiria,
          lemuel_blue_sif_altar, orc_0_dummy
D:10:     layout_basic, mainiacjoe_overflow_catwalk
D:11:     layout_irregular_city, minmay_lair_entry_grove,
          gauntlet_entry_generic, dreamdust_princess_corridor
D:12:     layout_roguey, special_room [special_room_bee], minivault_25,
          uniq_kirke, uniq_erolcha, uniq_frances
D:13:     layout_long_grid
D:14:     layout_roguey, erik_vaults_1, vehumet_crystals, nicolae_custom_books,
          minmay_misc_feat_nine_boxes
D:15:     gammafunk_enter_depths_forms, layout_long_grid,
          nemelex_lonely_heart_becter, nicolae_blasting_shop,
          nicolae_letterblocks [nicolae_letter_subblock,
          nicolae_letter_subblock, nicolae_letter_subblock,
          nicolae_letter_subblock, nicolae_letter_subblock,
          nicolae_letter_subblock, nicolae_letter_subblock,
          nicolae_letter_subblock, nicolae_letter_subblock,
          nicolae_letter_subblock, nicolae_letter_subblock,
          nicolae_letter_subblock, nicolae_letter_subblock,
          nicolae_letter_subblock, nicolae_letter_subblock,
          nicolae_letter_subblock, nicolae_letter_subblock,
          nicolae_letter_subblock, nicolae_letter_subblock,
          nicolae_letter_subblock, nicolae_letter_subblock,
          nicolae_letter_subblock, nicolae_letter_subblock,
          nicolae_letter_subblock, nicolae_letter_subblock]
Temple:   hc_temple_tempest_star
Lair:1:   layout_roguey, enter_volcano_4, grunt_forest_small_clearings
Lair:2:   layout_chaotic_city, nicolae_swamp_entry_splash_gauntlet
Lair:3:   layout_hall_layers, hellmonk_spider_entry_life_and_decay, ice2_lemuel,
          lemuel_fruit_fields, serial_bayou_shore_a
Lair:4:   layout_loops_ring, ebering_ghost_funeral_grove,
          portal_ice_cave_demonic_guard, infiniplex_staircase_pool
Lair:5:   evil_forest, layout_cave_pods, minmay_slime_entry_pillars,
          gammafunk_ghost_berserking_beasts, pond
Swamp:1:  layout_basic_swamp, evilmike_swamp_ruin_house_3
Spider:1: layout_cave_pods
Spider:2: layout_spider_delve, drop_trap, uniq_agnes
Spider:3: spiders_nest_scorpion_pit, uniq_nikola
Spider:4: hellmonk_spider_rune_bug_friends, spiders_nest_spider_trap
Orc:1:    layout_diamond_mine, elf_legates, uniq_snorg
Orc:2:    pf_orc_diabolical, layout_caves, uniq_azrael
Elf:1:    eino_elf_arrival_altar, layout_loops_ring, nicolae_elf_crossing_hall,
          dk_noncrumbling_3, grunt_ministairs_9, drop_trap, uniq_donald
Elf:2:    nicolae_elf_blades_splatter_lattice
          [nicolae_blade_entry_area_security], layout_onion_city, serial_shops,
          nicolae_square_shop, minmay_elf_sorcery
Elf:3:    minmay_elf_hall_four_x, layout_loops_corners, corexii_leaking_fountain

Skill      XL: |  1  2  3  4  5  6  7  8  9 10 11 12 13 14 15 16 17 18 19 |
---------------+----------------------------------------------------------+-----
Throwing       | 1 |  1.0
Fighting       | 1 3 5 6 7 8 10 11 13 | 13.9
Dodging        | 3 4 6 7 8 9 10 11 12 | 12.0
Stealth        | 3 |  3.0
Short Blades   | 1 |  1.6
Armour         | 1 2 3 4 5 6 7 |  7.0
Spellcasting   | 4 5 6 7 8 9 10 12 13 15 16 17 18 | 18.5
Conjurations   | 5 6 7 8 9 10 11 12 13 14 15 17 | 17.7
Ice Magic      | 1 2 3 4 5 6 7 8 9 10 11 12 | 12.6
Translocations | 2 3 |  3.0
Evocations     | 2 3 5 |  5.0
Summonings     | 1 3 5 6 7 8 10 11 12 | 12.0
Invocations    | 2 4 6 7 8 10 | 10.0
Shields        | 1 3 4 5 6 7 8 9 |  9.1
Earth Magic    | 3 5 6 8 9 10 | 10.0
Air Magic      | 3 4 |  4.0
Maces & Flails | 2 |  2.0
Staves         | 2 |  2.3
Necromancy     | 3 |  3.0

Action                     |  1- 3 |  4- 6 |  7- 9 | 10-12 | 13-15 | 16-18 | 19-21 || total
---------------------------+-------+-------+-------+-------+-------+-------+-------++-------
  Melee: Dagger            |    11 |       |     1 |    76 |    54 |       |    17 ||   159
         Short sword       |       |       |     7 |       |       |       |       ||     7
         Flail             |       |       |       |       |   106 |    20 |       ||   126
         Staff             |       |       |       |       |       |     3 |     8 ||    11
  Throw: Dart              |       |     6 |     1 |     2 |    13 |     1 |       ||    23
         Throwing net      |       |       |       |     1 |       |       |       ||     1
         Boomerang         |       |       |       |     1 |       |       |       ||     1
   Cast: Magic Dart        |    91 |    59 |   118 |   149 |   170 |   303 |    44 ||   934
         Searing Ray       |     3 |    14 |    95 |    79 |    13 |     8 |       ||   212
         Ozocubu's Armour  |       |     1 |    23 |    62 |    55 |    17 |     1 ||   159
         Frozen Ramparts   |       |       |     7 |    65 |    53 |    17 |     1 ||   143
         Iskenderun's Myst |       |       |       |    11 |     8 |    36 |     1 ||    56
         Stone Arrow       |       |       |       |    76 |   483 |   454 |    78 ||  1091
         Hailstorm         |       |       |       |     2 |     4 |       |       ||     6
         Apportation       |       |       |       |       |    12 |       |       ||    12
         Sandblast         |       |       |       |       |    12 |       |       ||    12
         Summon Forest     |       |       |       |       |    48 |    19 |       ||    67
         Summon Lightning  |       |       |       |       |    38 |    59 |    17 ||   114
         Iskenderun's Batt |       |       |       |       |     7 |   145 |    21 ||   173
         Arcjolt           |       |       |       |       |     5 |     1 |     5 ||    11
         Freezing Cloud    |       |       |       |       |       |    97 |     2 ||    99
         Swiftness         |       |       |       |       |       |     1 |       ||     1
         Spellforged Servi |       |       |       |       |       |       |    12 ||    12
         Blink             |       |       |       |       |       |       |     2 ||     2
  Evoke: Wand              |       |       |     4 |    15 |    10 |     2 |       ||    31
         Condenser vane    |       |       |       |       |       |     1 |       ||     1
    Use: Scroll            |     1 |     1 |    13 |    14 |    10 |    10 |     4 ||    53
         Potion            |       |       |       |       |     4 |     6 |     3 ||    13
   Stab: Distracted        |       |       |     1 |       |     1 |       |       ||     2
         Sleeping          |       |       |       |       |       |       |     1 ||     1
 Armour: Robe              |    11 |     2 |    15 |   143 |    89 |   299 |   132 ||   691
         Leather armour    |       |       |    26 |       |    85 |       |       ||   111
         Steam dragon scal |       |       |     3 |    11 |       |       |       ||    14
  Dodge: Dodged            |    15 |    12 |    89 |   205 |   252 |   232 |    97 ||   902
  Block: Other             |       |     1 |    25 |    17 |       |       |       ||    43
         Reflection        |       |       |     2 |     3 |    19 |    23 |       ||    47
         Buckler           |       |       |       |    95 |   210 |    22 |       ||   327
         Kite shield       |       |       |       |       |       |   160 |    73 ||   233

Table legend: (Time is in decaauts)
 A = Elapsed time spent in this place.
 B = Non-inter-level travel time spent in this place.
 C = Inter-level travel time spent in this place.
 D = Time resting spent in this place.
 E = Time spent auto-exploring this place.
 F = Levels seen in this place.
 G = Mean time per level.
                   A        B        C        D        E       F      G
               +--------+--------+--------+--------+--------+-----+--------+
         Total |  62861 |  58519 |   4342 |  21115 |  24402 |  35 | 1796.0 |
       Dungeon |  21594 |  19947 |   1647 |   4676 |  11623 |  15 | 1439.6 |
        Temple |      1 |      1 |      0 |      0 |      0 |   1 |    1.0 |
          Lair |  12865 |  11707 |   1158 |   4114 |   5030 |   5 | 2573.0 |
         Swamp |    242 |    242 |      0 |     46 |    101 |   1 |  242.0 |
   Spider Nest |   8622 |   8148 |    474 |   3163 |   3287 |   4 | 2155.5 |
  Orcish Mines |   4240 |   3734 |    506 |   1359 |   1220 |   2 | 2120.0 |
   Elven Halls |  10286 |   9730 |    556 |   5058 |   2471 |   3 | 3428.7 |
         Abyss |    568 |    568 |      0 |    269 |      0 |   1 |  568.0 |
       Ossuary |   1320 |   1320 |      0 |    847 |    113 |   1 | 1320.0 |
      Ice Cave |   2063 |   2063 |      0 |   1041 |    541 |   1 | 2063.0 |
       Volcano |   1057 |   1057 |      0 |    542 |     15 |   1 | 1057.0 |
               +--------+--------+--------+--------+--------+-----+--------+

Top non-repeatable levels by time:
   Elf:3: 3993 daAuts
  Lair:5: 3612 daAuts
  Lair:2: 3434 daAuts
   Elf:2: 3430 daAuts
   Elf:1: 2862 daAuts
Spider:3: 2804 daAuts
   Orc:2: 2586 daAuts
  Lair:3: 2380 daAuts
    D:15: 2270 daAuts
Spider:2: 2225 daAuts
  Lair:4: 2213 daAuts
Spider:4: 2210 daAuts
   IceCv: 2063 daAuts
    D:11: 1990 daAuts
     D:9: 1789 daAuts
